 Dungeon Crawl Stone Soup version 0.17-a0-2064-g265a032 (webtiles) character file.

40 derrpe the Insei (level 3, -1/20 HPs)
             Began as a Vine Stalker Monk on Oct 12, 2015.
             Killed from afar by Natasha (5 damage)
             ... with a wand of flame
             ... on level 2 of the Dungeon.
             The game lasted 00:02:12 (1080 turns).

derrpe the Insei (Vine Stalker Monk)                Turns: 1080, Time: 00:02:13

Health: -1/20      AC:  2    Str: 15    XL:     3   Next: 50%
Magic:  0/4        EV: 13    Int: 11    God:
Gold:   101        SH:  0    Dex: 16    Spells: 0 memorised, 2 levels left

rFire  . . .     SeeInvis .       - Unarmed
rCold  . . .     Clarity  .     a - +0 robe
rNeg   . . .     SustAt   .     (no shield)
rPois  .         Gourm    .     (no helmet)
rElec  .         Spirit   +     (no cloak)
rCorr  .         Warding  .     (no gloves)
rMut   .         Stasis   .     (no boots)
MR     .....                    (no amulet)
Stlth  ++........               (no ring)
                                f - +2 ring of strength

@: not resistant to hostile enchantments, unstealthy
A: fangs 2, regeneration 1, magic shield, antimagic bite, no device heal 3, rot
immunity
a: no special abilities


You were on level 2 of the Dungeon.
You were not hungry.

You visited 1 branch of the dungeon, and saw 2 of its levels.

You collected 101 gold pieces.

Inventory:

Missiles
 h - 30 stones (quivered)
Armour
 a - a +0 robe (worn)
Jewellery
 f - a +2 ring of strength (left hand)
Scrolls
 c - 2 scrolls of teleportation {unknown}
 g - a scroll of enchant armour {unknown}
 j - 3 scrolls of identify {unknown}
 l - a scroll of amnesia {unknown}
Potions
 e - a potion of heal wounds {unknown}
 i - a potion of magic {unknown}
 k - a potion of haste {unknown}
Comestibles
 b - a bread ration {@e1}
 d - 2 chunks of flesh {@w0}


   Skills:
 + Level 3.1 Fighting
 + Level 2.8 Dodging
 - Level 2.4 Stealth
 * Level 4.5 Unarmed Combat


You had 2 spell levels left.
You didn't know any spells.

Dungeon Overview and Level Annotations

Branches:
Dungeon (2/15)

Altars:

Annotations:
D:2 Natasha


Innate Abilities, Weirdness & Mutations

You have extremely sharp teeth.
Your natural rate of healing is unusually fast.
When hurt, damage is shared between your health and your magic reserves.
Your bite disrupts and absorbs the magic of your enemies.
Potions and wands cannot restore your health.
You are immune to rotting.


Message History

You are too injured to fight recklessly!
You are too injured to fight recklessly!
You are too injured to fight recklessly!
You are too injured to fight recklessly!
You are too injured to fight recklessly!
You barely miss Natasha. Your bite misses Natasha.
Natasha is moderately wounded.
Natasha closely misses you.
You hit Natasha but do no damage. Your bite misses Natasha.
Natasha is moderately wounded.
Natasha claws you.
* * * LOW HITPOINT WARNING * * *
You hit Natasha. You bite Natasha, but do no damage.
Natasha is moderately wounded.
Drink which item? (? for menu, Esc to quit)
Okay, then.
You barely miss Natasha.
Natasha is moderately wounded.
Natasha zaps a wand.
The puff of flame hits you!
You die...

#. .((# #. #.(# #. #(.# ###.
#..# #... #### #(.# #.#. .[#
#=.# #.#. #)# #h.# #.##
#.###@.## #.# #......)# #.#
#..####.# ####.## #..# #.#
#......
########..####.########.##.##
....................[...##.#
.....###.............[.###.##
.............<.##.####.......
..#####......####.# #####.##


You could see Natasha.

Vanquished Creatures
  5 bats
  10 goblins
  4 hobgoblins
  2 jackals (D:1)
  A quokka (D:2)
  2 giant cockroaches (D:1)
  2 giant geckos (D:2)
  4 giant newts
  7 kobolds
  A rat (D:1)
38 creatures vanquished.

Notes
Turn   | Place    | Note
--------------------------------------------------------------
     0 | D:1      | derrpe the Vine Stalker Monk began the quest for the Orb.
     0 | D:1      | Reached XP level 1. HP: 11/11 MP: 2/2
   102 | D:1      | Reached XP level 2. HP: 11/16 MP: 3/3
   565 | D:1      | Reached XP level 3. HP: 19/19 MP: 4/4
  1067 | D:2      | Noticed Natasha
  1080 | D:2      | Killed from afar by Natasha

Vault maps used:
D:1:      enne_arrival_octagon_isle, hangedman_decor_riveting
D:2:      ecumenical_altar_1, hangedman_decor_push, uniq_natasha

Action                   || total
-------------------------++-------
Melee: Unarmed           ||    88
Throw: Stone             ||    47
  Use: Potion            ||     1
 Stab: Sleeping          ||     5
  Eat: Chunk             ||     1
